Map: Lerilak Crest

Players

Jervs - Winner!

  • Race: Protoss Protoss
  • League: Master

jxpi

  • Race: Zerg Zerg
  • League: Master

VOD

Have the link to the VOD?

Description

Time

  • Played on: Feb. 19, 2016, 11:44 p.m.
  • Length: 8:52
Show
View Real Time Build Order
Export as new Build Order

Jervs Protoss - Winner!

Build Orders: 1 Gate Expand, Oracle Opening 

Get SALT Encoding   

  12  0:01  Probe (Chrono Boost)  
  13  0:12  Probe (Chrono Boost)  
  14  0:18  Pylon  
  14  0:22  Probe (Chrono Boost)  
  15  0:36  Probe (Chrono Boost)  
  16  0:43  Gateway  
  16  0:52  Probe (Chrono Boost)  
  16  0:55  Assimilator  
  17  1:03  Probe (Chrono Boost)  
  18  1:13  Probe (Chrono Boost)  
  19  1:24  Probe (Chrono Boost)  
  20  1:32  Nexus  
  20  1:37  Cybernetics Core  
  20  1:40  Probe (Chrono Boost)  
  21  1:50  Probe (Chrono Boost)  
  21  1:52  Pylon  
  22  1:56  Assimilator  
  23  2:01  Probe (Chrono Boost)  
  23  2:17  Adept (Chrono Boost), Mothership Core (Chrono Boost)  
  23  2:22  Warp Gate  
  27  2:36  Pylon  
  27  2:44  Probe  
  27  2:46  Probe  
  29  2:54  Stargate  
  29  2:58  Probe x2 (Chrono Boost)  
  29  3:00  Pylon  
  31  3:10  Probe x2 (Chrono Boost)  
  33  3:20  Probe (Chrono Boost)  
  33  3:21  Probe (Chrono Boost)  
  35  3:27  Gateway  
  35  3:28  Gateway  
  35  3:31  Probe (Chrono Boost)  
  35  3:33  Adept  
  38  3:39  Oracle (Chrono Boost)  
  41  3:42  Probe (Chrono Boost)  
  42  3:52  Probe (Chrono Boost)  
  42  3:53  Probe (Chrono Boost)  
  46  4:03  Probe x2 (Chrono Boost)  
  48  4:11  Pylon  
  48  4:14  Oracle (Chrono Boost)  
  49  4:19  Probe  
  49  4:21  Probe  
  51  4:27  Adept  
  51  4:30  Adept x2  
  57  4:35  Probe  
  57  4:36  Probe  
  59  4:40  Assimilator  
  59  4:43  Assimilator  
  59  4:45  Robotics Facility  
  59  4:51  Adept  
  61  5:02  Pylon  
  57  5:36  Adept x2  
  57  5:37  Adept  
  57  5:39  Probe  
  57  5:41  Probe  
  57  5:42  Observer  
  58  5:43  Oracle (Chrono Boost)  
  58  5:47  Pylon  
  58  5:48  Gateway  
  61  5:55  Gateway  
  61  5:56  Gateway  
  61  5:59  Gateway  
  61  6:00  Probe  
  61  6:02  Probe  
  61  6:04  Nexus  
  63  6:05  Pylon  
  63  6:12  Adept x3  
  69  6:34  Nexus  
  69  6:38  Immortal (Chrono Boost)  
  73  6:44  Twilight Council  
  73  6:46  Oracle (Chrono Boost)  
  73  6:50  Probe  
  73  6:52  Probe  
  73  6:53  Gateway  
  78  6:54  Gateway  
  78  6:55  Zealot  
  78  6:56  Zealot x3  
  86  7:17  Pylon  
  86  7:20  Pylon  
  86  7:33  Pylon  
  86  7:36  Adept x4  
  94  7:39  Oracle  
  94  7:42  Warp Prism (Chrono Boost)  
  99  7:45  Probe  
  99  7:46  Probe x2  
  102  7:58  Adept  
  102  7:59  Adept x3  
  109  8:32  Adept x6  
  109  8:33  Adept  
  115  8:41  Adept x2  
Show
View Real Time Build Order
Export as new Build Order

jxpi Zerg 

Build Orders: Pool First 

Get SALT Encoding   

  12  0:01  Drone  
  13  0:13  Overlord  
  13  0:17  Drone  
  14  0:32  Drone x2  
  16  0:37  Drone  
  17  0:48  Spawning Pool  
  16  0:50  Extractor, Drone  
  16  0:57  Drone  
  17  1:14  Overlord  
  17  1:39  Zergling x4, Queen  
  21  1:50  Metabolic Boost  
  21  1:57  Hatchery  
  21  2:00  Drone  
  22  2:08  Drone x2  
  23  2:17  Drone  
  23  2:21  Queen  
  26  2:29  Drone  
  27  2:33  Overlord  
  26  2:47  Drone x3  
  29  2:55  Drone  
  30  3:03  Drone  
  31  3:13  Drone x2  
  31  3:15  Hatchery  
  31  3:18  Overlord  
  32  3:32  Drone x5  
  37  3:49  Overlord  
  37  3:53  Spore Crawler  
  35  3:56  Spore Crawler, Drone x6  
  40  4:05  Drone x3  
  40  4:09  Drone  
  44  4:12  Lair  
  44  4:15  Queen  
  44  4:17  Extractor  
  45  4:18  Drone x2  
  45  4:23  Drone  
  48  4:34  Drone x6  
  54  4:47  Spore Crawler  
  53  4:57  Spore Crawler  
  53  4:59  Drone  
  53  5:00  Drone x2  
  53  5:05  Queen  
  53  5:07  Zergling x2  
  53  5:08  Zergling x20  
  54  5:27  Zergling x12  
  50  5:38  Drone x3  
  51  5:47  Hydralisk Den  
  51  5:49  Drone x3  
  53  5:52  Drone x3  
  56  6:00  Drone x3  
  59  6:09  Drone x3  
  61  6:18  Overlord x2  
  58  6:25  Drone  
  58  6:26  Drone x5  
  56  6:36  Hydralisk, Muscular Augments  
  56  6:38  Drone x4  
  62  6:50  Extractor, Spore Crawler  
  62  6:52  Extractor  
  59  6:56  Baneling Nest  
  57  7:09  Hatchery  
  57  7:12  Roach Warren  
  55  7:17  Drone x3  
  55  7:22  Drone  
  59  7:23  Drone x12  
  59  7:29  Extractor  
  70  7:32  Extractor  
  70  7:34  Drone  
  70  7:35  Drone x2  
  72  7:37  Overlord x2  
  72  7:43  Overlord  
  72  7:44  Overlord  
  72  7:45  Overlord  
  72  7:54  Drone x2  
  72  7:55  Drone  
  72  7:56  Drone  
  76  7:59  Hydralisk  
  76  8:00  Hydralisk  
  80  8:06  Hydralisk x2  
  80  8:12  Hydralisk x2  
  83  8:16  Zergling x4  
  84  8:24  Hydralisk x2  
Tags
 
Add a new tag
Caveats
  • Supply blocks, unpowered buildings, or Contaminate may cause inaccurate times.
  • Supply counts are checked every 10 seconds.